 Dungeon Crawl Stone Soup version 0.20-a0-1122-gb7cbeb9 (webtiles) character file.

2471 nikopol the Skirmisher (level 9, -1/57 HPs)
             Began as a Gargoyle Berserker on May 14, 2017.
             Was an Elder of Trog.
             Slain by an orc warrior
             ... wielding a +0 war axe
              (7 damage)
             ... in a bailey.
             The game lasted 00:20:01 (6154 turns).

nikopol the Skirmisher (Gargoyle Berserker)         Turns: 6154, Time: 00:20:01

Health: -1/57      AC: 14    Str: 21    XL:     9   Next: 51%
Magic:  9/9        EV: 12    Int:  8    God:    Trog [****..]
Gold:   383        SH:  0    Dex: 12    Spells: 8/8 levels left

rFire    . . .     SeeInvis .   a - +0 hand axe
rCold    . . .     Gourm    .   (no shield)
rNeg     + . .     Faith    .   h - +0 scale mail
rPois    ∞         Spirit   .   (no helmet)
rElec    +         Reflect  .   (no cloak)
rCorr    .         Harm     .   (no gloves)
MR       ++...                  F - +0 pair of boots (curse)
Stlth    +.........             E - amulet of regeneration
Regen    1.6/turn               q - ring of stealth
MPRegen  0.2/turn               (no ring)

@: starving, regenerating, slowed, very slow
A: negative energy resistance 1, electricity resistance, unbreathing,
petrification resistance, rot immunity, AC +5
a: Berserk, Trog's Hand, Brothers in Arms, Burn Spellbooks, Renounce Religion


You were in a bailey.
You worshipped Trog.
Trog was greatly pleased with you.
You were starving.

You visited 1 branch of the dungeon, and saw 7 of its levels.
You also visited: Ossuary and Bailey.

You collected 481 gold pieces.
You spent 98 gold pieces at shops.

Inventory:

Hand Weapons
 a - a +0 hand axe (weapon)
 b - a +0 broad axe
 g - a +1 dire flail of draining
 u - a +3 mace
Missiles
 n - 153 arrows
 G - 3 tomahawks of returning (quivered)
Armour
 h - a +0 scale mail (worn)
 m - a +0 ring mail
 w - a +1 ring mail of cold resistance
 F - a cursed +0 pair of boots (worn)
Jewellery
 q - a ring of stealth (left hand)
 E - an amulet of regeneration (around neck)
Scrolls
 e - 2 scrolls of magic mapping
 s - a scroll of enchant weapon {unknown}
 y - a scroll of recharging {unknown}
 C - a scroll of fog {unknown}
 D - a scroll of teleportation
 H - a scroll of identify
 I - a scroll of enchant armour {unknown}
Potions
 f - 3 potions of curing
 j - a potion of might {unknown}
 k - 3 potions of berserk rage {unknown}
 l - a potion of mutation {unknown}
 o - 2 potions of heal wounds
 p - 2 potions of ambrosia {unknown}
 r - a potion of resistance {unknown}
 t - a potion of degeneration {unknown}
 v - a potion of lignification {unknown}
 x - 4 potions of flight
 z - a potion of invisibility {unknown}
 A - 2 potions of brilliance {unknown}
 B - 3 potions of agility
Books
 d - a book of Cantrips

   Spells                             Type                      Level
   a - Confusing Touch                Hexes                        1
   b - Animate Skeleton               Necromancy                   1
   c - Summon Small Mammal            Summoning                    1
   d - Apportation                    Translocation                1
   Trog disapproves of the use of such an item.
Comestibles
 c - 2 bread rations
 i - 5 meat rations


   Skills:
 + Level 7.4 Fighting
 + Level 6.5 Axes
 + Level 7.3 Armour
 + Level 5.3 Dodging


You had 8 spell levels left.
You didn't know any spells.

Dungeon Overview and Level Annotations

Branches:
Dungeon (7/15)             Temple (0/1) D:7

Altars:
Cheibriados
Gozag
Makhleb
Uskayaw
Yredelemnul
Zin

Shops:
D:4 *=!?(


Innate Abilities, Weirdness & Mutations

You are resistant to torment.
Your stone body is resilient. (AC +5)
You are immune to poison.
You resist negative energy. (rN+)
You are resistant to electric shocks. (rElec)
You can survive without breathing.
You are immune to petrification.
You are immune to rotting.


Message History

You see here a kobold corpse.
You enter the shallow water.
Moving in this stuff is going to be slow.
Items here: ( ))) [[[ †††††
b - a broad axe;
G - 3 tomahawks of returning The orc warrior hits you but does no damage.
The orc warrior completely misses you.
You hit the orc warrior.
The orc warrior is lightly wounded.
The orc warrior misses you.
Your skin crawls.
You feel resistant to hostile enchantments.
You are starving!
The orc warrior hits you with a war axe.
The orc warrior hits you with a war axe!
* * * LOW HITPOINT WARNING * * *
You closely miss the orc warrior.
The orc warrior is lightly wounded.
The orc warrior hits you with a war axe!
You die...

##.......###
##..∩......####
#.............####
#≈≈≈≈≈≈≈≈≈........###
#≈≈≈≈≈≈≈≈≈≈≈≈≈........##
≈≈≈#########≈≈≈≈≈......##
≈≈≈∩#.KoKgog#∩≈≈≈≈≈≈≈....#
≈##
#..Kgoog####([≈≈≈≈≈≈≈≈≈#
####o####..#@o(..≈≈≈≈≈≈≈≈≈≈
... ....###...((.#≈≈≈≈≈≈#
###. #....(#########
#..(....# ...(⌠.(...
.........# .......##
.....####


You could see an orc warrior.

Vanquished Creatures
  The ghost of Gorglomux the Grappler, a novice FoTm of Okawaru (D:6)
  Pikel (D:6)
  Edmund (D:6)
  2 orc warriors
  The ghost of Gorice the Skirmisher, an amateur MiEn (D:3)
  3 ogres
  A bullfrog (D:7)
  3 scorpions
  3 crimson imps
  3 orc priests (D:6)
  3 orc wizards (D:6)
  A bullfrog skeleton (D:6)
  2 worker ants
  8 mummies (Ossuary)
  6 adders
  An ooze (D:1)
  5 worms
  3 dart slugs
  9 leopard geckos
  8 orcs
  7 giant cockroaches
  2 gnoll zombies (Ossuary)
  7 goblins
  10 hobgoblins
  7 jackals
  4 quokkas
  A ball python (D:2)
  6 bats
  4 frilled lizards
  A hobgoblin zombie (Ossuary)
  15 kobolds
  2 kobold zombies (Ossuary)
  3 orc zombies (Ossuary)
  A quokka skeleton (D:6)
  A quokka zombie (D:6)
  8 rats
144 creatures vanquished.

Vanquished Creatures (others)
  A bullfrog (D:6)
  A worker ant zombie (D:6)
2 creatures vanquished.

Grand Total: 146 creatures vanquished

Notes
Turn   | Place    | Note
-------+----------+-------------------------------------------
     0 | D:1      | nikopol the Gargoyle Berserker began the quest for the Orb.
     0 | D:1      | Reached XP level 1. HP: 14/14 MP: 1/1
    72 | D:1      | Reached XP level 2. HP: 14/19 MP: 2/2
   479 | D:1      | Reached XP level 3. HP: 20/23 MP: 3/3
   586 | D:1      | Reached ** piety under Trog
   811 | D:2      | Found an opulent altar of Gozag.
   950 | D:2      | Reached XP level 4. HP: 21/29 MP: 4/4
   986 | D:2      | You fall through a shaft for 2 floors!
  1015 | D:4      | Found Kaafaitt's Antique Weapon Shoppe.
  1133 | D:4      | Found Litiveco's Distillery.
  1150 | D:4      | Bought a potion of heal wounds for 65 gold pieces
  1150 | D:4      | Found Winubium's Assorted Antiques.
  1186 | D:4      | Found Xutiti's Jewellery Shop.
  1935 | D:3      | Reached XP level 5. HP: 33/33 MP: 5/5
  1972 | D:3      | Noticed Gorice's ghost (amateur MiEn)
  1991 | D:3      | Killed Gorice's ghost
  2162 | D:3      | Reached *** piety under Trog
  2203 | D:3      | Found a basalt altar of Yredelemnul.
  2227 | D:3      | Reached XP level 6. HP: 37/39 MP: 6/6
  2776 | D:3      | Found a burning altar of Makhleb.
  2776 | D:3      | Found a hide-covered altar of Uskayaw.
  2867 | D:4      | Found Qaol's Magic Scroll Boutique.
  2875 | D:4      | Bought a scroll of remove curse for 33 gold pieces
  3079 | D:5      | Entered Level 5 of the Dungeon
  3573 | D:6      | Found a sand-covered staircase.
  3581 | Ossuary  | Entered an ossuary
  3999 | Ossuary  | Reached XP level 7. HP: 44/44 MP: 7/7
  4379 | D:6      | Reached skill level 5 in Fighting
  4651 | D:6      | Noticed Edmund
  4678 | D:6      | Killed Edmund
  4736 | D:6      | Reached skill level 5 in Armour
  5005 | D:6      | Noticed Pikel
  5061 | D:6      | Killed Pikel
  5061 | D:6      | Reached skill level 5 in Axes
  5061 | D:6      | Reached XP level 8. HP: 34/51 MP: 8/8
  5342 | D:6      | Noticed Gorglomux's ghost (novice FoTm)
  5365 | D:6      | HP: 2/78 [Gorglomux's ghost (6)]
  5367 | D:6      | Killed Gorglomux's ghost
  5367 | D:6      | Reached skill level 5 in Dodging
  5367 | D:6      | Reached XP level 9. HP: 2/56 MP: 9/9
  5540 | D:6      | Reached **** piety under Trog
  5562 | D:6      | HP: 1/57 [orc warrior/glaive (9)]
  5752 | D:6      | Found a snail-covered altar of Cheibriados.
  5835 | D:7      | Found a glowing silver altar of Zin.
  5835 | D:7      | Noticed an angel
  5874 | D:7      | Found a flagged portal.
  5911 | Bailey   | Entered a bailey
  6154 | Bailey   | Slain by an orc warrior

Vault maps used:
D:1:      evilmike_arrival_crescent
D:2:      grunt_gozag_statues
D:3:      nicolae_overflow_hidden_temple, old_standard_altar, st_stairs_13
D:4:      first_bread, serial_shops, nicolae_shop_crystal,
          nicolae_shop_waterfront, nicolae_shop_temple_entry_statues_fountains,
          shop, nicolae_shop_statue_plus
D:6:      lemuel_coloured_pillars_altar, nicolae_ossuary_entry_plus,
          uniq_edmund, uniq_pikel
D:7:      fedhas_altar_3, zin_angel, nicolae_overflow_crystal_walls,
          minmay_temple_entry_fiery, enter_bailey_1
Ossuary:  ossuary_tomb_3
Bailey:   bailey_axe_4, bailey

Skill      XL: |  1  2  3  4  5  6  7  8  9 |
---------------+----------------------------+-----
Axes           | 3 4 5 6 |  6.5
Dodging        | 2 3 4 5 |  5.3
Armour         | 3 4 5 6 7 |  7.3
Fighting       | 4 6 7 |  7.4

Action                   |  1- 3 |  4- 6 |  7- 9 || total
-------------------------+-------+-------+-------++-------
Melee: Hand axe          |    97 |   329 |   301 ||   727
Throw: Tomahawk          |       |       |    15 ||    15
Invok: Berserk           |       |     1 |     8 ||     9
       Trog's Hand       |       |       |     2 ||     2
  Use: Scroll            |       |     5 |     2 ||     7
       Potion            |       |       |     1 ||     1
 Stab: Sleeping          |       |     1 |       ||     1
  Eat: Chunk             |       |    10 |    10 ||    20
       Royal jelly       |       |       |     2 ||     2
       Fruit             |       |       |     1 ||     1
Armor: Animal skin       |    45 |       |       ||    45
       Ring mail         |       |   111 |     4 ||   115
       Scale mail        |       |       |   123 ||   123
Dodge: Dodged            |   119 |   195 |   174 ||   488
